 Dungeon Crawl Stone Soup version 0.29-a0-321-gf1c400731a (webtiles) character file.

Game seed: 16615663664750883635

131 kae the Firebug (level 5, -3/29 HPs)
             Began as a Tengu Fire Elementalist on Apr 4, 2022.
             Slain by an orc
             ... wielding a +0 trident
              (6 damage)
             ... on level 4 of the Dungeon.
             The game lasted 00:02:02 (3705 turns).

kae the Firebug (Tengu Fire Elementalist)           Turns: 3705, Time: 00:02:02

Health: -3/29      AC:  2    Str:  8    XL:     5   Next: 14%
Magic:  0/9        EV: 15    Int: 17    God:
Gold:   83         SH:  0    Dex: 15    Spells: 3/9 levels left

rFire   . . .      SeeInvis .   d - +0 whip
rCold   . . .      Faith    .   (no shield)
rNeg    . . .      Spirit   +   a - +0 robe
rPois   .          Reflect  .   (helmet restricted)
rElec   .          Harm     .   (no cloak)
rCorr   .          Rampage  .   (no gloves)
Will    .....                   (boots unavailable)
Stlth   ++........              c - amulet of guardian spirit
HPRegen 0.09/turn               (no ring)
MPRegen 0.11/turn               (no ring)

@: brilliant, flying quickly and evasively, quick
A: beak, talons 3, nimble flight
a: no special abilities


You were on level 4 of the Dungeon.
You visited 1 branch of the dungeon, and saw 4 of its levels.

You collected 83 gold pieces.

Inventory:

Hand Weapons
 d - a +0 whip (weapon)
Armour
 a - a +0 robe (worn)
Jewellery
 c - an amulet of guardian spirit (around neck)
Scrolls
 g - a scroll of fog
 i - 2 scrolls of identify
 k - 3 scrolls of enchant armour {unknown}
 m - a scroll of blinking {unknown}
 o - a scroll of noise {unknown}
Potions
 b - a potion of magic
 e - a potion of attraction
 f - 2 potions of lignification
 h - a potion of brilliance
 j - a potion of curing {unknown}
 l - a potion of cancellation {unknown}
 n - a potion of haste {unknown}
 p - a potion of resistance {unknown}


   Skills:
 + Level 1.3 Fighting
 + Level 1.3 Armour
 + Level 2.9 Dodging
 - Level 2.0 Stealth
 + Level 2.5 Spellcasting
 + Level 2.4 Conjurations
 * Level 4.5 Fire Magic


You had 3 spell levels left.
You knew the following spells:

 Your Spells              Type           Power      Damage    Failure   Level
a - Foxfire               Conj/Fire      84%        2x1d8     4%          1
b - Scorch                Fire           52%        2d8       4%          2
c - Conjure Flame         Conj/Fire      21%        6-21      13%         3

Your spell library contained the following spells:

 Spells                   Type           Power      Damage    Failure   Level
 Static Discharge         Conj/Air       9%         N/A       17%         2
 Inner Flame              Hex/Fire       14%        N/A       22%         3
 Ignite Poison            Fire/Tmut/Pois 10%        N/A       30%         3
 Flame Wave               Conj/Fire      21%        2d7       41%         4
 Sticky Flame             Conj/Fire      21%        2d4       41%         4
 Dispel Undead            Necr           3%         3d7       88%         4


Dungeon Overview and Level Annotations

Branches:
Dungeon (4/15)
 Temple: D:4-7

Altars:
Gozag
Sif Muna

Shops:
D:1 !

Annotations:
D:3 exclusion: scorpion
D:4 Edmund


Innate Abilities, Weirdness & Mutations

You have a beak for a mouth.
You have claws for feet.
Your magical nature lets you fly swiftly and evasively.


Message History

Found a stone staircase leading down.
An orc comes into view. It is wielding a +0 dagger.
The orc barely misses you.
The orc moves out of view.
Things that are here:
a +0 short sword; 2 stones You closely miss the orc.
You claw the orc.
The orc is moderately wounded.
The orc hits you with a +0 trident.
You hit the orc but do no damage.
The orc is moderately wounded.
The orc hits you with a +0 trident.
You hit the orc but do no damage.
The orc is moderately wounded.
The orc hits you with a +0 trident.
You are too injured to fight recklessly!
You are too injured to fight recklessly!
You are too injured to fight recklessly!
You closely miss the orc.
The orc is moderately wounded.
The orc hits you but does no damage.
You are too injured to fight recklessly!
You are too injured to fight recklessly!
You hit the orc but do no damage. You claw the orc, but do no damage.
You peck the orc.
The orc is severely wounded.
The orc completely misses you.
You hit the orc.
The orc is almost dead.
The orc hits you with a +0 trident! x2
* * * LOW HITPOINT WARNING * * *
You hit the orc but do no damage. Your kick misses the orc.
The orc is severely wounded.
The orc closely misses you.
You barely miss the orc.
The orc is severely wounded.
The orc misses you.
It was a potion of brilliance.
You feel clever all of a sudden. The orc hits you with a +0 trident!
You die...

># .# #.# #.#
#.# ..#####
#.#
.......####.#
#
#)oo@..##.####
#####.........
##.##.### #<#
# #........
.........
.........#
#.........#
#..........


You could see 2 orcs.

Vanquished Creatures
  An orc wizard (D:4)
  4 gnolls (D:3)
  2 worms (D:2)
  5 dart slugs
  2 ball pythons
  2 bats
  4 endoplasms
  3 giant cockroaches
  3 hobgoblins
  2 jackals (D:1)
  5 quokkas
  3 frilled lizards (D:1)
  6 goblins
  5 kobolds
  5 rats
52 creatures vanquished.

Vanquished Creatures (others)
  84 foxfires
84 creatures vanquished.

Grand Total: 136 creatures vanquished

Notes
Turn   | Place    | Note
-------+----------+-------------------------------------------
     0 | D:1      | kae the Tengu Fire Elementalist began the quest for the
                  | Orb.
     0 | D:1      | Reached XP level 1. HP: 10/10 MP: 4/4
   140 | D:1      | Reached XP level 2. HP: 14/16 MP: 1/6
   643 | D:1      | Found Vomeum's Distillery.
   932 | D:1      | Reached XP level 3. HP: 20/20 MP: 5/7
   935 | D:1      | Learned a level 2 spell: Scorch
   939 | D:1      | Learned a level 3 spell: Conjure Flame
  1864 | D:2      | Reached skill level 4 in Fire Magic
  2691 | D:3      | Noticed a scorpion
  2714 | D:3      | Found a shimmering blue altar of Sif Muna.
  3015 | D:3      | Reached XP level 4. HP: 24/24 MP: 5/8
  3049 | D:3      | Found an opulent altar of Gozag.
  3111 | D:3      | Found a faded altar of an unknown god.
  3378 | D:3      | Reached skill level 1 in Fighting
  3378 | D:3      | Reached skill level 1 in Armour
  3667 | D:4      | Noticed Edmund
  3693 | D:4      | Gained mutation: Your magical nature lets you fly swiftly
                  | and evasively. [Tengu growth]
  3693 | D:4      | Reached XP level 5. HP: 26/29 MP: 0/9
  3705 | D:4      | Slain by an orc

Illustrated notes

Levels and vault maps discovered:
D:1:      nzn_arrival_water_spiral, layout_loops_ring, serial_shops,
          nicolae_shop_window_shopping
D:2:      layout_basic, corexii_leaking_fountain
D:3:      layout_basic, nicolae_sif_muna_condensation, grunt_gozag_statues,
          ebering_ecumenical_altar_sacrificial
D:4:      layout_rooms, minmay_temple_entry_drinking_statues,
          nicolae_ossuary_entry_false_entrances, uniq_edmund, uniq_menkaure

Skill      XL: |  1  2  3  4 |
---------------+-------------+-----
Fire Magic     | 4 |  4.5
Conjurations   | 2 |  2.4
Fighting       | 1 |  1.3
Armour         | 1 |  1.3
Dodging        | |  2.9
Stealth        | |  2.0
Spellcasting   | |  2.5

Action                   |  1- 3 |  4- 6 || total
-------------------------+-------+-------++-------
Melee: Unarmed           |     5 |       ||     5
       Kick              |    15 |     8 ||    23
       Whip              |    59 |    22 ||    81
       Punch             |     1 |       ||     1
       Peck              |     5 |     2 ||     7
 Cast: Foxfire           |    49 |    10 ||    59
       Scorch            |       |     5 ||     5
  Use: Scroll            |     5 |       ||     5
       Potion            |       |     1 ||     1
 Stab: Sleeping          |     2 |       ||     2
Armor: Robe              |    11 |     1 ||    12
Dodge: Dodged            |    50 |    21 ||    71

Table legend: (Time is in decaauts)
 A = Elapsed time spent in this place.
 B = Non-inter-level travel time spent in this place.
 C = Inter-level travel time spent in this place.
 D = Time resting spent in this place.
 E = Time spent auto-exploring this place.
 F = Levels seen in this place.
 G = Mean time per level.
                   A        B        C        D        E       F      G
               +--------+--------+--------+--------+--------+-----+--------+
         Total |   3717 |   3602 |    115 |     49 |   3118 |   4 |  929.2 |
       Dungeon |   3717 |   3602 |    115 |     49 |   3118 |   4 |  929.2 |
               +--------+--------+--------+--------+--------+-----+--------+

Top non-repeatable levels by time:
     D:1: 1328 daAuts
     D:2: 1239 daAuts
     D:3: 1120 daAuts
     D:4: 28 daAuts
